 Dungeon Crawl Stone Soup version 0.21.0-3-g78d12a8 (webtiles) character file.

1761907 jiveturtle the Axe Maniac (level 27, 279/281 HPs)
             Began as a Minotaur Berserker on Jan 8, 2018.
             Was the Champion of Trog.
             Escaped with the Orb
             ... and 3 runes on Jan 10, 2018!
             The game lasted 02:45:35 (69354 turns).

jiveturtle the Axe Maniac (Minotaur Berserker)     Turns: 69354, Time: 02:45:35

Health: 279/281    AC: 45    Str: 30    XL:     27
Magic:  31/31      EV: 25    Int:  7    God:    Trog [******]
Gold:   3013       SH:  3    Dex: 15    Spells: 26/26 levels left

rFire    + . .     SeeInvis .   o - +8 executioner's axe (vamp)
rCold    + + .     Gourm    .   (shield currently unavailable)
rNeg     . . .     Faith    .   T - +5 gold dragon scales
rPois    +         Spirit   .   M - +2 hat
rElec    +         Reflect  +   a - +2 cloak {MR+}
rCorr    .         Harm     .   N - +2 pair of gloves {Str+3}
MR       ++++.     Rnd*Tele +   (no boots)
Stlth    ..........             O - amulet of Bemolinty {Reflect rElec rC+ SH+3}
HPRegen  0.56/turn              W - ring of protection from magic
MPRegen  0.22/turn              d - ring "Ruadda" {+Blink EV+3 Dex+2}

@: flying
A: retaliatory headbutt, hooves 1, horns 2, rugged brown scales 1, yellow scales
1, clumsy 1, inhibited regeneration, teleportitis 1, subdued magic 1
0: Orb of Zot
}: 3/15 runes: decaying, silver, gossamer
a: Berserk, Trog's Hand, Brothers in Arms, Burn Spellbooks, Renounce Religion,
Evoke Blink


You escaped.
You worshipped Trog.
Trog was exalted by your worship.
You were not hungry.

You visited 10 branches of the dungeon, and saw 51 of its levels.
You visited the Abyss 1 time.
You visited 1 bazaar.
You also visited: Ice Cave.

You collected 6283 gold pieces.
You spent 3270 gold pieces at shops.

Inventory:

Hand Weapons
 o - a +8 vampiric executioner's axe (weapon)
 B - a +2 executioner's axe of flaming
 G - a +9 executioner's axe of freezing
 P - the +3 battleaxe of the Old World {speed, rN+}
   (Trog gifted it to you on level 2 of the Depths)

   Attacks with this weapon are significantly faster.
   It protects you from negative energy.
Missiles
 C - 6 throwing nets (quivered)
Armour
 a - a +2 cloak of magic resistance (worn)
 M - a +2 hat (worn)
 N - a +2 pair of gloves of strength (worn)
 T - +5 gold dragon scales (worn)
Jewellery
 b - an uncursed ring of resist corrosion
 d - the ring "Ruadda" (right hand) {+Blink EV+3 Dex+2}
   (You bought it in a shop on level 5 of the Depths)

   [ring of evasion]

   It affects your evasion (+3).
   It affects your dexterity (+2).
   It lets you blink.
 f - the ring of Hadaman {*Tele rElec rN+++ Dex+5 Stlth-}
   (You took it off a deep elf blademaster on level 3 of the Elven Halls)

   [ring of teleportation]

   It may teleport you next to monsters.
   It affects your dexterity (+5).
   It insulates you from electricity.
   It renders you almost immune to negative energy.
   It makes you less stealthy.
 k - an uncursed ring of poison resistance
 v - an uncursed ring of see invisible
 F - an uncursed ring of flight
 O - the amulet of Bemolinty (around neck) {Reflect rElec rC+ SH+3}
   (You took it off a deep elf death mage on level 3 of the Elven Halls)

   [amulet of reflection]

   It shields you and reflects attacks.
   It protects you from cold.
   It insulates you from electricity.
   It affects your SH (+3).
 U - an uncursed ring of protection from fire
 W - a ring of protection from magic (left hand)
 X - an uncursed ring of protection from cold
Wands
 A - a wand of paralysis (73)
 D - a wand of digging (38)
 E - a wand of acid (71)
 I - a wand of scattershot (5)
 V - a wand of clouds (12)
Scrolls
 e - 15 scrolls of teleportation
 h - 7 scrolls of fog
 j - 23 scrolls of remove curse
 p - 6 scrolls of magic mapping
 q - a scroll of identify
 r - 2 scrolls of blinking
 w - 5 scrolls of silence
 y - 5 scrolls of fear
 z - 5 scrolls of holy word
 H - 3 scrolls of summoning
 Q - 7 scrolls of immolation
Potions
 g - 2 potions of mutation
 i - 9 potions of agility
 l - 2 potions of invisibility
 m - 20 potions of curing
 n - 4 potions of heal wounds
 s - 6 potions of might
 u - 6 potions of resistance
 x - a potion of magic
 J - 11 potions of lignification
 L - 9 potions of flight
 R - 9 potions of haste
 S - 4 potions of cancellation
Comestibles
 c - 64 rations


   Skills:
 O Level 27 Fighting
 O Level 27 Axes
 - Level 0.4 Throwing
 O Level 27 Armour
 * Level 26.0 Dodging
   Level 5.5 Shields
 - Level 13.0 Evocations


You had 26 spell levels left.
You didn't know any spells.

Dungeon Overview and Level Annotations

Branches:
Dungeon (15/15)            Temple (0/1) D:5            Lair (6/6) D:11
  Swamp (4/4) Lair:3       Spider (4/4) Lair:3        Slime (2/5) Lair:6
    Orc (2/2) D:12            Elf (3/3) Orc:2        Vaults (5/5) D:14
  Crypt (0/3) Vaults:2     Depths (5/5) D:15            Zot (5/5) Depths:5

Altars:
Ashenzari
Dithmenos
Elyvilon
Gozag
Makhleb
Okawaru
Qazlal
Ru
Beogh
Jiyva

Shops:
D:9 =   D:12 %   D:15 :   Orc:2 %**}   Elf:3 %   Vaults:2 %   Vaults:4 %}[!
Depths:1 =}}?   Depths:2 =   Depths:5 =

Portals:
Hell: Depths:1 Depths:2 Depths:3 Depths:4 Depths:5
Abyss: Depths:2 Depths:4 Depths:5
Pandemonium: Depths:3 Depths:5
Ziggurat: Depths:1

Annotations:
D:15 exclusion: Roxanne, Roxanne
Lair:6 exclusion: oklob plant


Innate Abilities, Weirdness & Mutations

You reflexively headbutt those who attack you in melee.
You have a pair of horns on your head.
You have large cloven feet.
You are partially covered in rugged brown scales. (AC +1, +3% HP)
You are partially covered in yellow scales. (AC +2)
You are clumsy. (Dex -2)
You do not regenerate when monsters are visible.
You are occasionally teleported next to monsters.
Your spells are a little easier to cast, but a little less powerful.


Message History

There is an open door here.
The red devil hops backward while attacking.
The red devil completely misses you.
The red devil hops backward while attacking.
The red devil hits you from afar with an enchanted demon trident!
You slash the red devil! You headbutt the red devil.
The red devil is severely wounded.
The red devil hops backward while attacking.
The red devil hits you but does no damage.
The red devil closely misses you. You furiously retaliate!
You headbutt the red devil!!
You kill the red devil!
Trog accepts your kill.
No target in view!
No target in view!
You see here a club.
There is an open door here.
You see here a stone.
There is a staircase leading out of the dungeon here.
You have escaped!

#....≈..........§§§...§§.....####
#....≈..###########'##.≈.....#
#....≈..##.........)##.§.....#
#....≈§§##.........###§§.....#
#....§≈)##.........##.≈≈.....#
#....§..####)########.§≈§§...#
#....≈§.####'########..§.....#
#...§≈≈...##.(....##..≈§§....#
#....≈....##....@(##...≈.....#
#....§....##......##...≈.....####
#....≈≈...##########.§§≈.....#...
#....≈≈≈≈.##########.§§§.....####
#....≈§≈§........(...§§≈...!.####
#....≈§§§≈≈§§......≈§≈≈§.....#...
#..[..§≈≈≈≈≈§≈....§§§≈≈≈.....####
#..........≈≈§§§§≈≈§≈≈§≈!....#
#.!.......§§§§≈§§≈§≈.§.......#


There were no monsters in sight!

Vanquished Creatures
  8 orbs of fire
  An ancient lich (Zot:5)
  2 juggernauts (Depths:3)
  Sojobo (Vaults:2)
  A Killer Klown (Zot:5)
  2 caustic shrikes (Depths:3)
  Saint Roka (Vaults:1)
  A curse toe (Zot:3)
  11 golden dragons
  Nikola (Swamp:3)
  Arachne (Spider:4)
  Jory (Vaults:3)
  2 electric golems
  A Tzitzimitl (D:15)
  29 tentacled monstrosities
  An Ice Fiend (IceCv)
  25 Orb Guardians
  Rupert (D:14)
  2 deep elf blademasters (Elf:3)
  4 liches
  5 acid blobs
  5 titans (Vaults:5)
  7 quicksilver dragons
  2 deep elf master archers (Elf:3)
  11 death cobs
  A thorn hunter (Swamp:4)
  3 sphinxes
  2 tentacled starspawn (Abyss:4)
  Frances (D:13)
  9 shadow dragons
  11 tengu reavers
  Agnes (Spider:4)
  8 draconian monks
  17 storm dragons
  Donald (Orc:2)
  9 frost giants
  5 nagarajas (Depths:4)
  5 deep elf sorcerers
  An iron dragon (Vaults:5)
  8 draconian knights
  16 vault wardens
  13 fire giants
  The ghost of lunarharp the Brawler, a journeyman TrMo of Uskayaw (Lair:4)
  6 ghost moths
  A balrug (Abyss:4)
  Aizul (Spider:4)
  A draconian stormcaller (Zot:1)
  2 orc warlords (Orc:2)
  Louise (D:15)
  The ghost of Jess the Severer, a journeyman DsBe of Trog (Swamp:3)
  A ghost moth (shapeshifter) (Depths:3)
  4 draconian shifters
  4 deep elf elementalists
  An emperor scorpion (shapeshifter) (Depths:3)
  6 draconian scorchers
  2 emperor scorpions
  8 draconian annihilators
  22 stone giants
  The ghost of Techfiend the Devastator, a journeyman DEAE of Vehumet (Spider:1)
  6 entropy weavers
  2 caustic shrike skeletons (Depths:2)
  14 ironheart preservers
  28 very ugly things
  13 deep elf demonologists
  9 white draconians
  4 vampire knights
  The ghost of Warden the Cleaver, a journeyman DsBe of Trog (Lair:6)
  17 green draconians
  5 dire elephants (Lair:6)
  10 yellow draconians
  4 deep elf annihilators
  13 black draconians
  14 red draconians
  10 spark wasps
  7 purple draconians
  Snorg (D:14)
  A blizzard demon (Abyss:4)
  4 deep elf death magi
  6 great orbs of eyes
  11 ettins
  2 green deaths
  14 yaktaur captains
  2 deep elf high priests
  2 rakshasas
  14 fire dragons
  10 hydras
  10 ice dragons
  41 vault guards
  Harold (Lair:2)
  9 ogre magi
  5 spriggan air magi
  A hell beast (Depths:1)
  An anaconda (Lair:6)
  A ghost crab (Swamp:2)
  A catoblepas (D:14)
  4 naga warriors (Depths:4)
  33 two-headed ogres
  25 dancing weapons
  3 death knights
  7 centaur warriors
  5 tengu warriors
  The ghost of quantumfuzzball the Fighter, a novice DsBe of Trog (D:9)
  8 deep troll shamans
  10 alligators
  6 deep troll earth magi
  6 spriggan berserkers
  5 death yaks (Lair:5)
  Nergalle (Orc:1)
  13 hell knights
  7 orc high priests (Orc:2)
  30 deep elf knights
  4 sun demons
  7 spriggans
  Sonja (Orc:2)
  A spark wasp zombie (Depths:3)
  2 spatial maelstroms (Abyss:4)
  A salamander mystic (Depths:4)
  4 iron trolls
  2 shadow wraiths
  A death drake (shapeshifter) (Depths:4)
  A sixfirhy (Zot:5)
  7 glowing orange brains
  5 skeletal warriors
  2 unseen horrors
  A naga ritualist (Depths:4)
  An unseen horror (shapeshifter) (Depths:1)
  2 wizards
  A flayed ghost (Depths:3)
  27 deep trolls
  A cherub (D:15)
  6 spriggan druids
  10 swamp dragons
  2 shambling mangroves
  2 wolf spider zombies (D:15)
  4 harpies
  2 mana vipers (Depths:4)
  A tengu zombie (Depths:3)
  22 deep elf archers
  24 orb spiders
  19 ironbrand convokers
  8 orc sorcerers
  10 necromancers
  15 orc knights
  5 phantasmal warriors (Vaults:5)
  An orange crystal statue (Zot:4)
  2 shining eyes
  A stone giant zombie (Vaults:4)
  36 wolf spiders
  A fire giant zombie (Vaults:2)
  74 deep elf magi
  4 salamanders
  A tengu skeleton (Depths:3)
  A manticore (shapeshifter) (Vaults:5)
  30 moths of wrath
  2 manticores
  8 cyclopes
  A sphinx skeleton (Depths:2)
  59 ugly things
  5 black mambas
  5 elephants (Lair:6)
  A guardian serpent (shapeshifter) (Vaults:3)
  A rust devil (Depths:1)
  21 vault sentinels
  A fire giant skeleton (Depths:3)
  4 naga magi
  A smoke demon (Abyss:4)
  A torpor snail (Spider:2)
  An ice statue (IceCv)
  An apocalypse crab (Abyss:4)
  2 frost giant skeletons
  6 centaur skeletons
  2 gargoyles
  A spriggan skeleton (Depths:3)
  A stone giant skeleton (Depths:3)
  2 orange demons
  17 spiny frogs
  A spiny frog (shapeshifter) (Vaults:3)
  A komodo dragon (shapeshifter) (Vaults:4)
  2 rime drakes
  A hellwing (D:10)
  49 yaktaurs
  3 anaconda simulacra (IceCv)
  10 freezing wraiths
  7 komodo dragons
  3 ice devils
  13 demonic crawlers
  A troll (shapeshifter) (Vaults:3)
  8 trolls
  4 red devils
  A harpy zombie (D:15)
  64 slime creatures
  A merfolk (shapeshifter) (Vaults:1)
  42 jumping spiders
  A tengu conjurer (Depths:2)
  A polar bear (shapeshifter) (Vaults:1)
  3 meliai (Spider:2)
  A tengu simulacrum (Depths:4)
  3 polar bears
  3 tyrant leeches
  7 bog bodies
  A frost giant simulacrum (Depths:4)
  17 hornets
  29 blink frogs
  5 dream sheep (Lair:5)
  A dream sheep (shapeshifter) (Vaults:5)
  A shapeshifter (Elf:1)
  7 hippogriffs
  A flying skull (Abyss:4)
  3 shadows
  21 air elementals
  3 wyverns
  Sigmund (D:8)
  84 redbacks
  2 dire elephant simulacra (IceCv)
  A tarantella (shapeshifter) (Depths:1)
  3 wraiths
  A spriggan (shapeshifter) (D:15)
  8 large abominations (Depths:2)
  7 fire elementals
  37 tarantellas
  2 water elementals
  Eustachio (D:4)
  Grum (D:9)
  3 vampires (Vaults:2)
  A fire bat (shapeshifter) (D:15)
  53 yaks
  18 vampire mosquitoes
  A neqoxec (Zot:5)
  5 chaos spawn
  An elf skeleton (Depths:4)
  2 spatial vortices (Abyss:4)
  10 wargs
  2 iron troll simulacra (IceCv)
  A soldier ant (shapeshifter) (Depths:4)
  A naga (shapeshifter) (Vaults:2)
  12 swamp worms
  3 harpy simulacra (IceCv)
  A soldier ant (D:14)
  2 acid dragons
  11 water moccasins
  5 sky beasts
  A floating eye (Depths:5)
  6 porcupines
  11 swamp drakes
  3 black bears
  A sky beast (shapeshifter) (Vaults:4)
  A black bear (shapeshifter) (Elf:1)
  67 orc warriors
  An ettin simulacrum (IceCv)
  2 eyes of draining
  2 ice beasts
  25 ogres
  9 starcursed masses (Abyss:4)
  A necrophage (D:14)
  2 phantoms
  29 wolves
  15 centaurs
  2 human skeletons
  A wolf (shapeshifter) (Vaults:5)
  17 boggarts
  11 crocodiles
  6 small abominations
  3 big kobolds (D:8)
  A glowing shapeshifter simulacrum (Depths:3)
  A gnoll sergeant (D:7)
  21 bullfrogs
  2 earth elementals
  A wyvern skeleton (D:13)
  3 scorpions
  A water moccasin skeleton (D:4)
  9 wights
  4 electric eels
  A howler monkey (D:8)
  5 crimson imps
  A bullfrog zombie (D:6)
  3 centaur zombies
  7 hounds
  4 draconian simulacra (IceCv)
  3 human simulacra
  A quasit (D:8)
  35 orc priests
  A gnoll shaman (D:7)
  A jelly (D:8)
  An iron imp (D:15)
  4 iguanas
  20 orc wizards
  8 worker ants
  4 spriggan simulacra
  2 troll simulacra (IceCv)
  2 wolf simulacra (IceCv)
  3 centaur simulacra (IceCv)
  A hound zombie (D:6)
  2 hound skeletons
  7 adders
  12 gnolls
  An ogre simulacrum (IceCv)
  3 naga simulacra (IceCv)
  4 shadow imps
  7 white imps
  6 ufetubi (IceCv)
  3 oozes
  2 leopard geckos
  119 orcs
  4 giant cockroaches
  10 hobgoblins
  5 quokkas
  3 ball pythons
  11 bats
  9 frilled lizards
  6 goblins
  23 kobolds
  7 rats
  17 briar patches (Swamp:4)
  A crawling corpse (Elf:3)
  A fungus (D:11)
  4 plants
  A starspawn tentacle (Abyss:4)
2486 creatures vanquished.

Vanquished Creatures (collateral kills)
  Mennas (Vaults:4)
  A caustic shrike (Depths:3)
  A golden dragon (Depths:5)
  A death cob (Zot:4)
  A thorn hunter (Swamp:4)
  2 storm dragons
  A tengu reaver (Depths:3)
  A draconian stormcaller (Depths:5)
  3 very ugly things (Depths:5)
  2 deep elf demonologists
  A fire dragon (Depths:5)
  A great orb of eyes (Depths:2)
  2 deep elf high priests
  2 yaktaur captains (Vaults:5)
  An ice dragon (Depths:5)
  Erolcha (D:11)
  A rakshasa (Vaults:1)
  6 hydras
  A centaur warrior (Depths:2)
  3 two-headed ogres
  A hell knight (Depths:2)
  A deep elf knight (Elf:1)
  A skeletal warrior (D:13)
  2 deep trolls (Vaults:1)
  A swamp dragon (Swamp:4)
  2 deep elf archers (Elf:1)
  A necromancer (Depths:2)
  A fire giant zombie (Depths:3)
  5 deep elf magi
  3 spiny frogs
  A komodo dragon (Lair:5)
  An ice devil (IceCv)
  A hornet (Swamp:4)
  A bog body (Swamp:4)
  A dream sheep (Lair:5)
  A hippogriff (Lair:6)
  2 yaks (D:13)
  3 vampire mosquitoes (Swamp:4)
  2 swamp worms (Swamp:2)
  An orc warrior (Vaults:5)
  A boggart (Depths:2)
  11 wolves (Lair:4)
  A centaur (Depths:2)
  2 crocodiles
  A jelly (D:13)
  An orc wizard (Vaults:5)
  A worker ant (D:13)
  A leopard gecko (D:11)
  A briar patch (Swamp:4)
85 creatures vanquished.

Vanquished Creatures (others)
  A draconian knight (Zot:1)
  A very ugly thing (Swamp:4)
  A ghost crab (Swamp:4)
  A large abomination (Depths:2)
  2 swamp dragons (Swamp:4)
  A deep elf archer (Vaults:3)
  A tengu skeleton (Depths:4)
  A deep elf mage (Elf:2)
  A naga mage (D:15)
  3 yaktaurs
  An ice devil (IceCv)
  2 spriggans (Swamp:3)
  2 dire elephant simulacra (IceCv)
  An iron troll simulacrum (IceCv)
  A floating eye (Depths:2)
  A centaur (Depths:2)
  3 boggarts
  A white imp (IceCv)
  An ufetubus (IceCv)
  A ball lightning (Zot:4)
  An orc (Orc:2)
  16 fungi
  10 plants
  A starspawn tentacle (Abyss:4)
55 creatures vanquished.

Grand Total: 2626 creatures vanquished

Notes
Turn   | Place    | Note
-------+----------+-------------------------------------------
     0 | D:1      | jiveturtle the Minotaur Berserker began the quest for the Orb.
     0 | D:1      | Reached XP level 1. HP: 19/19 MP: 0/0
   168 | D:1      | Reached XP level 2. HP: 17/27 MP: 1/1
   597 | D:1      | Reached XP level 3. HP: 26/33 MP: 2/2
   664 | D:1      | Reached ** piety under Trog
  1385 | D:2      | Found a stormy altar of Qazlal.
  1597 | D:2      | Reached XP level 4. HP: 41/41 MP: 3/3
  1990 | D:3      | Reached skill level 5 in Axes
  2364 | D:3      | Reached *** piety under Trog
  2581 | D:4      | Reached XP level 5. HP: 34/47 MP: 4/4
  2920 | D:4      | Noticed Eustachio
  2928 | D:4      | Killed Eustachio
  2928 | D:4      | Reached skill level 5 in Fighting
  2928 | D:4      | Reached XP level 6. HP: 56/56 MP: 5/5
  3335 | D:5      | Entered Level 5 of the Dungeon
  3444 | D:5      | Reached XP level 7. HP: 60/61 MP: 6/6
  3717 | D:5      | Found a staircase to the Ecumenical Temple.
  4359 | D:6      | Reached XP level 8. HP: 70/70 MP: 7/7
  4364 | D:6      | Reached **** piety under Trog
  4375 | D:6      | Got an uncursed warped war axe {antimagic}
  4425 | D:6      | Identified the +5 war axe of Ywuem {antimagic, Int+2 Stlth+} (You took it off a centaur on level 6 of the Dungeon)
  4545 | D:6      | Reached skill level 10 in Axes
  5542 | D:7      | Reached skill level 5 in Armour
  5684 | D:8      | Reached skill level 1 in Shields
  5694 | D:8      | Reached XP level 9. HP: 48/78 MP: 2/8
  5950 | D:8      | Noticed Sigmund
  5957 | D:8      | Killed Sigmund
  5997 | D:8      | Reached ***** piety under Trog
  7032 | D:8      | Found a shadowy altar of Dithmenos.
  7035 | D:8      | Found an opulent altar of Gozag.
  7040 | D:8      | Found a white marble altar of Elyvilon.
  7176 | D:9      | Found a shattered altar of Ashenzari.
  7246 | D:9      | Found Felor's Jewellery Shoppe.
  7388 | D:9      | Noticed quantumfuzzball's ghost (novice DsBe)
  7402 | D:9      | Killed quantumfuzzball's ghost
  7402 | D:9      | Reached XP level 10. HP: 88/88 MP: 3/9
  7885 | D:9      | Noticed Grum
  7902 | D:9      | Killed Grum
  8043 | D:9      | Found a sacrificial altar of Ru.
  8146 | D:10     | Entered Level 10 of the Dungeon
  8226 | D:10     | Reached skill level 5 in Shields
  8669 | D:10     | Noticed a two-headed ogre
  8676 | D:10     | Killed a two-headed ogre
  9158 | D:11     | Noticed Erolcha
  9165 | D:11     | Killed Erolcha
  9168 | D:11     | Found an iron altar of Okawaru.
  9280 | D:11     | Noticed a cyclops
  9290 | D:11     | Killed a cyclops
  9364 | D:11     | Noticed a cyclops
  9379 | D:11     | Killed a cyclops
  9379 | D:11     | Reached skill level 15 in Axes
  9379 | D:11     | Reached XP level 11. HP: 70/97 MP: 3/10
  9997 | D:11     | Found a staircase to the Lair.
 10590 | D:12     | Found a staircase to the Orcish Mines.
 10768 | D:12     | Noticed a death knight
 10780 | D:12     | Killed a death knight
 11202 | D:12     | Found Niom Ibb's Food Shop.
 11425 | Lair:1   | Entered Level 1 of the Lair of Beasts
 11439 | Lair:1   | Reached skill level 10 in Fighting
 11585 | Lair:1   | Noticed a six-headed hydra
 11587 | Lair:1   | Killed a six-headed hydra
 11954 | Lair:1   | Reached XP level 12. HP: 106/106 MP: 3/11
 12395 | Lair:2   | Reached skill level 10 in Armour
 12498 | D:9      | Bought a +6 amulet of reflection for 760 gold pieces
 12572 | Lair:2   | Received a gift from Trog
 12807 | Lair:2   | Noticed Harold
 12822 | Lair:2   | Killed Harold
 13604 | Lair:3   | Identified a scroll of acquirement
 13658 | Lair:3   | Found a hole to the Spider Nest.
 13866 | Lair:3   | Found a staircase to the Swamp.
 14259 | Lair:4   | Noticed a four-headed hydra
 14267 | Lair:4   | Killed a five-headed hydra
 14267 | Lair:4   | Received a gift from Trog
 14267 | Lair:4   | Reached skill level 5 in Dodging
 14275 | Lair:4   | Noticed a six-headed hydra
 14282 | Lair:4   | Killed an eight-headed hydra
 14551 | Lair:4   | Reached XP level 13. HP: 105/116 MP: 12/12
 15079 | Lair:4   | Noticed lunarharp's ghost (journeyman TrMo)
 15093 | Lair:4   | Killed lunarharp's ghost
 15426 | Lair:4   | Received a gift from Trog
 16818 | Lair:6   | Entered Level 6 of the Lair of Beasts
 17288 | Lair:6   | Received a gift from Trog
 17339 | Lair:6   | Found a staircase to the Slime Pits.
 17340 | Lair:6   | Found a viscous altar of Jiyva.
 17490 | Lair:6   | Reached XP level 14. HP: 120/124 MP: 13/13
 17822 | Lair:6   | Noticed Warden's ghost (journeyman DsBe)
 17835 | Lair:6   | Killed Warden's ghost
 18723 | Orc:1    | Entered Level 1 of the Orcish Mines
 18867 | Orc:1    | Paralysed by an orc sorcerer for 6 turns
 19076 | Orc:2    | Entered Level 2 of the Orcish Mines
 19399 | Orc:1    | Noticed Nergalle
 19408 | Orc:1    | Killed Nergalle
 19408 | Orc:1    | Received a gift from Trog
 19605 | Orc:2    | Found a roughly hewn altar of Beogh.
 19633 | Orc:2    | Noticed Donald
 19637 | Orc:2    | Paralysed by an orc sorcerer for 4 turns
 19646 | Orc:2    | Killed Donald
 19913 | Orc:2    | Found Dogoahux's General Store.
 19941 | Orc:2    | Found Gipipt's Food Shoppe.
 20168 | Orc:2    | Noticed an orc warlord
 20178 | Orc:2    | Killed an orc warlord
 20524 | Orc:2    | Paralysed by an orc sorcerer for 4 turns
 20895 | Orc:2    | Found a staircase to the Elven Halls.
 21139 | Orc:2    | Noticed an orc warlord
 21234 | Orc:2    | Noticed Sonja
 21240 | Orc:2    | Killed an orc warlord
 21241 | Orc:2    | Found Pemayczeo's Assorted Antiques.
 21250 | Orc:2    | Reached XP level 15. HP: 139/139 MP: 14/14
 21264 | Orc:2    | Killed Sonja
 21294 | Orc:2    | Found a roughly hewn altar of Beogh.
 21417 | Orc:2    | Found Pimadank's Gadget Shop.
 21422 | Orc:2    | Reached ****** piety under Trog
 21422 | Orc:2    | Received a gift from Trog
 21428 | Orc:2    | Reached skill level 15 in Fighting
 21624 | Elf:1    | Entered Level 1 of the Elven Halls
 21681 | Elf:1    | Found a flickering gateway to a bazaar.
 21701 | Bazaar   | Entered a bazaar
 21715 | Bazaar   | Found Jigg's Book Emporium.
 21730 | Bazaar   | Found Vauppaon's Magic Scroll Shoppe.
 21730 | Bazaar   | Found Cuizag's Antique Weapon Emporium.
 21751 | Bazaar   | Found Wotzuemu's General Store.
 21751 | Bazaar   | Found Wesiholu's Antique Weapon Emporium.
 21755 | Bazaar   | Bought a glowing executioner's axe for 260 gold pieces
 21794 | Bazaar   | Bought a pitted hand axe for 144 gold pieces
 21794 | Bazaar   | Identified the +7 hand axe of Courage {chop, +Blink MR+ Dex-3} (You bought it in a shop in a bazaar)
 21803 | Bazaar   | Bought a scroll of enchant armour for 60 gold pieces
 21803 | Bazaar   | Bought a scroll of holy word for 60 gold pieces
 21843 | Bazaar   | Bought 2 scrolls of enchant armour for 180 gold pieces
 21843 | Bazaar   | Bought a scroll of teleportation for 36 gold pieces
 21961 | Elf:1    | HP: 6/141 [deep elf archer/arrow (5)]
 22805 | D:13     | Noticed Frances
 22814 | D:13     | Killed Frances
 22814 | D:13     | Received a gift from Trog
 23264 | D:14     | Noticed Snorg
 23273 | D:14     | Killed Snorg
 23497 | D:14     | Found a shadowy altar of Dithmenos.
 23631 | D:14     | Noticed Rupert
 23640 | D:14     | Killed Rupert
 23746 | D:14     | Found a gate to the Vaults.
 24319 | D:15     | Entered Level 15 of the Dungeon
 24319 | D:15     | Noticed Roxanne
 24562 | Swamp:1  | Entered Level 1 of the Swamp
 25557 | Swamp:2  | Reached XP level 16. HP: 77/151 MP: 15/15
 26668 | Swamp:3  | Noticed Jess's ghost (journeyman DsBe)
 26679 | Swamp:3  | Killed Jess's ghost
 27146 | Swamp:3  | Received a gift from Trog
 27220 | Swamp:3  | Noticed Nikola
 27247 | Swamp:3  | Killed Nikola
 27579 | Swamp:4  | Entered Level 4 of the Swamp
 27617 | Swamp:4  | Found a frozen archway.
 27653 | Swamp:4  | Reached skill level 15 in Armour
 27684 | IceCv    | Entered an ice cave
 29029 | IceCv    | Noticed an Ice Fiend
 29043 | IceCv    | Killed an Ice Fiend
 30232 | Swamp:4  | Noticed a thorn hunter
 30299 | Swamp:4  | Received a gift from Trog
 30315 | Swamp:4  | Noticed a thorn hunter
 30324 | Swamp:4  | Killed a thorn hunter
 30332 | Swamp:4  | Got a decaying rune of Zot
 30741 | Swamp:4  | Killed a thorn hunter
 30905 | Swamp:2  | Reached XP level 17. HP: 161/161 MP: 16/16
 30923 | Lair:3   | Cast into level 4 of the Abyss (a distortion unwield)
 31019 | Abyss:4  | Found a corrupted altar of Lugonu.
 31102 | Abyss:4  | HP: 12/241 [red devil/trident of piercing[a balrug] (7)]
 31108 | Abyss:4  | HP: 2/161 [small abomination (9)]
 31113 | Lair:3   | Escaped the Abyss
 31683 | D:15     | Found a burning altar of Makhleb.
 31895 | D:15     | Found Lual's Book Emporium.
 31989 | D:15     | Noticed Louise
 32001 | D:15     | Killed Louise
 32185 | D:15     | Found a staircase to the Depths.
 32407 | Spider:1 | Entered Level 1 of the Spider Nest
 32741 | Spider:1 | Received a gift from Trog
 32878 | Spider:1 | Received a gift from Trog
 33414 | Spider:1 | Noticed Techfiend's ghost (journeyman DEAE)
 33423 | Spider:1 | Killed Techfiend's ghost
 34847 | Spider:3 | Received a gift from Trog
 35956 | Spider:4 | Entered Level 4 of the Spider Nest
 35961 | Spider:4 | Reached XP level 18. HP: 160/171 MP: 17/17
 36068 | Spider:4 | Noticed Aizul
 36077 | Spider:4 | Killed Aizul
 37071 | Spider:4 | Received a gift from Trog
 37118 | Spider:4 | Noticed Agnes
 37125 | Spider:4 | Killed Agnes
 37531 | Spider:4 | Noticed Arachne
 37543 | Spider:4 | Killed Arachne
 37578 | Spider:4 | HP: 8/173 [poisoned by a ghost moth]
 38471 | Spider:4 | Got a gossamer rune of Zot
 39073 | Vaults:1 | Entered Level 1 of the Vaults
 39128 | Vaults:1 | Reached skill level 27 in Axes
 39470 | Vaults:1 | Found the +4 robe of Augmentation {Str+4 Int+4 Dex+4}
 40156 | Vaults:1 | Reached XP level 19. HP: 139/182 MP: 18/18
 40176 | Vaults:1 | Received a gift from Trog
 40212 | Vaults:1 | Noticed Saint Roka
 40240 | Vaults:1 | Killed Saint Roka
 41084 | Vaults:1 | Received a gift from Trog
 42303 | Vaults:2 | Noticed Sojobo
 42334 | Vaults:2 | Killed Sojobo
 42334 | Vaults:2 | Received a gift from Trog
 43086 | Vaults:2 | Found a staircase to the Crypt.
 43132 | Vaults:2 | Found Bawengup's Food Boutique.
 43202 | Vaults:2 | Got a shimmering plate armour
 43213 | Vaults:2 | Identified the +4 plate armour of Proximity {rElec rF+ Int+8} (You found it on level 2 of the Vaults)
 43247 | Vaults:2 | Received a gift from Trog
 43247 | Vaults:2 | Reached XP level 20. HP: 199/199 MP: 19/19
 44065 | Vaults:3 | Noticed Jory
 44076 | Vaults:3 | Killed Jory
 44803 | Vaults:3 | Received a gift from Trog
 45559 | Vaults:4 | Found Syoff's Gadget Boutique.
 45615 | Vaults:4 | Found Rohoiw's Antique Armour Shoppe.
 45849 | Vaults:4 | Found Yri Lu Lae's Distillery.
 45857 | Vaults:4 | Bought a potion of curing for 42 gold pieces
 45857 | Vaults:4 | Bought 2 potions of haste for 280 gold pieces
 45857 | Vaults:4 | Bought a potion of experience for 700 gold pieces
 45857 | Vaults:4 | Bought a potion of curing for 42 gold pieces
 45857 | Vaults:4 | Bought a potion of haste for 140 gold pieces
 45857 | Vaults:4 | Reached XP level 21. HP: 181/210 MP: 20/20
 45914 | Vaults:4 | Found Ekhluc's Food Emporium.
 46211 | Vaults:4 | Received a gift from Trog
 46637 | Vaults:4 | Noticed Mennas
 46662 | Vaults:4 | Killed Mennas
 46727 | Vaults:4 | Reached skill level 10 in Dodging
 47357 | Vaults:4 | Reached XP level 22. HP: 222/222 MP: 21/21
 47705 | Elf:1    | Gained mutation: Your magical capacity is low. (-10% MP) [a neqoxec]
 47843 | Elf:1    | Received a gift from Trog
 48556 | Elf:1    | Found a runed door.
 48832 | Elf:1    | Found a runed door.
 48832 | Elf:1    | Found a runed door.
 49335 | Elf:2    | Received a gift from Trog
 49372 | Elf:2    | Found a runed gate.
 49372 | Elf:2    | Found a runed gate.
 49376 | Elf:2    | Found a runed gate.
 50315 | Depths:1 | Entered Level 1 of the Depths
 50356 | Depths:1 | Found Fan Saoj's Magic Scroll Shoppe.
 50370 | Depths:1 | Received a gift from Trog
 50434 | Depths:1 | Bought a scroll of enchant weapon for 135 gold pieces
 50740 | Depths:1 | Found Buypt's Gadget Shoppe.
 50741 | Depths:1 | Found Mapseq's Jewellery Boutique.
 50742 | Depths:1 | Found Dayhiph's Gadget Shoppe.
 50893 | Depths:1 | Found a gateway to a ziggurat.
 51078 | Depths:1 | Found a gateway to Hell.
 51277 | Depths:2 | Found a one-way gate to the infinite horrors of the Abyss.
 51344 | Depths:2 | Received a gift from Trog
 51356 | Depths:2 | Identified the +3 battleaxe of the Old World {speed, rN+} (Trog gifted it to you on level 2 of the Depths)
 51468 | Depths:2 | Found Katzam's Jewellery Boutique.
 51598 | Depths:2 | Reached XP level 23. HP: 235/235 MP: 19/19
 52428 | Depths:3 | Noticed a caustic shrike
 52443 | Depths:3 | Killed a caustic shrike
 52568 | Depths:3 | Found a one-way gate leading to the halls of Pandemonium.
 52797 | Depths:3 | Received a gift from Trog
 52865 | Depths:3 | Paralysed by a vampire knight for 6 turns
 53007 | Depths:3 | Noticed a juggernaut
 53019 | Depths:3 | Killed a juggernaut
 53387 | Depths:3 | Noticed a juggernaut
 53406 | Depths:3 | Killed a juggernaut
 53486 | Depths:3 | Noticed a caustic shrike
 53487 | Depths:3 | Noticed a caustic shrike
 53492 | Depths:3 | Killed a caustic shrike
 53495 | Depths:3 | Killed a caustic shrike
 54076 | Depths:4 | Received a gift from Trog
 54076 | Depths:4 | Reached skill level 27 in Fighting
 54464 | Depths:4 | Reached XP level 24. HP: 249/249 MP: 19/19
 55163 | Depths:4 | Identified the +6 mace "Rihajayf" {freeze, rElec MR+ Stlth+} (You found it on level 4 of the Depths)
 55204 | Depths:4 | Received a gift from Trog
 55689 | Elf:3    | Entered Level 3 of the Elven Halls
 56203 | Elf:3    | Found Biozakuo's Food Shoppe.
 56732 | Elf:3    | Identified the amulet of Bemolinty {Reflect rElec rC+ SH+3} (You took it off a deep elf death mage on level 3 of the Elven Halls)
 57019 | Elf:3    | Received a gift from Trog
 57046 | Elf:3    | Identified the ring of Hadaman {*Tele rElec rN+++ Dex+5 Stlth-} (You took it off a deep elf blademaster on level 3 of the Elven Halls)
 57049 | Elf:3    | Got a faintly glowing platinum amulet
 57053 | Elf:3    | Identified the amulet of Jeinuis {RegenMP Stlth+} (You took it off a deep elf death mage on level 3 of the Elven Halls)
 57055 | Elf:3    | Identified the amulet of Coulixzax {Faith Int+6 SInv} (You took it off a deep elf master archer on level 3 of the Elven Halls)
 58011 | Slime:1  | Entered Level 1 of the Pits of Slime
 58015 | Slime:1  | Gained mutation: You do not regenerate when monsters are visible. [a shining eye]
 58468 | Depths:5 | Entered Level 5 of the Depths
 58629 | Depths:5 | Paralysed by a floating eye for 2 turns
 58650 | Depths:5 | Received a gift from Trog
 58666 | Depths:5 | Identified the +4 hand axe "Fymmikke" {drain, rF+++ rC+} (Trog gifted it to you on level 5 of the Depths)
 58790 | Depths:5 | Reached XP level 25. HP: 241/255 MP: 19/19
 59136 | Depths:5 | Found Agapnuv's Jewellery Boutique.
 59144 | Depths:5 | Bought the ring "Ruadda" {+Blink EV+3 Dex+2} for 431 gold pieces
 59226 | Depths:5 | Found a gate to the Realm of Zot.
 59654 | Vaults:5 | Entered Level 5 of the Vaults
 59660 | Vaults:5 | Reached skill level 15 in Dodging
 59679 | Vaults:5 | Got a silver rune of Zot
 59827 | Vaults:5 | Received a gift from Trog
 60050 | Vaults:5 | Reached skill level 27 in Armour
 60251 | Vaults:5 | Received a gift from Trog
 60260 | Vaults:5 | Reached XP level 26. HP: 264/264 MP: 19/19
 60660 | Vaults:5 | Got a bound steel ring
 60661 | Vaults:5 | Identified the ring of Xom's Whimsicality {MP+9 Str+2 Int+2} (You found it on level 5 of the Vaults)
 60901 | Vaults:5 | Identified the Compendium of Flamy Dislocation
 61545 | Zot:1    | Entered Level 1 of the Realm of Zot
 61742 | Zot:1    | Reached skill level 1 in Evocations
 61746 | Zot:1    | Noticed an orb of fire
 61763 | Zot:1    | Gained mutation: You are dopey. (Int -2) [an orb of fire]
 61771 | Zot:1    | Killed an orb of fire
 61826 | Zot:1    | Lost mutation: You are dopey. (Int -2) [potion of mutation]
 61826 | Zot:1    | Lost mutation: Your magical capacity is low. (-10% MP) [potion of mutation]
 61826 | Zot:1    | Gained mutation: You are partially covered in yellow scales. (AC +2) [potion of mutation]
 61826 | Zot:1    | Gained mutation: You are partially covered in rugged brown scales. (AC +1, +3% HP) [potion of mutation]
 61827 | Zot:1    | Received a gift from Trog
 61901 | Zot:1    | Reached skill level 5 in Evocations
 62039 | Zot:1    | Noticed an orb of fire
 62055 | Zot:1    | Killed an orb of fire
 62612 | Zot:1    | Noticed an orb of fire
 62617 | Zot:1    | Gained mutation: You have large cloven feet. [an orb of fire]
 62625 | Zot:1    | Killed an orb of fire
 63094 | Zot:2    | Received a gift from Trog
 63229 | Zot:2    | Reached XP level 27. HP: 279/279 MP: 28/28
 63291 | Zot:2    | Noticed an orb of fire
 63294 | Zot:2    | Gained mutation: You are clumsy. (Dex -2) [an orb of fire]
 63306 | Zot:2    | Killed an orb of fire
 63976 | Zot:3    | Reached skill level 10 in Evocations
 64975 | Zot:3    | You fall through a shaft!
 65093 | Zot:4    | Found a transporter.
 65119 | Zot:4    | Found a transporter.
 65151 | Zot:4    | Noticed an orb of fire
 65182 | Zot:4    | Identified the cursed +0 hat of Narcissism {rN+ MP-9 Str+2} (You found it on level 4 of the Realm of Zot)
 65234 | Zot:4    | Gained mutation: Your spells are a little easier to cast, but a little less powerful. [an orb of fire]
 65238 | Zot:4    | Killed an orb of fire
 66181 | Zot:4    | Noticed an orb of fire
 66192 | Zot:4    | Killed an orb of fire
 66467 | Zot:4    | Upgraded the game from 0.21.0 to 0.21.0-3-g78d12a8
 67336 | Zot:5    | Entered Level 5 of the Realm of Zot
 67399 | Zot:5    | Received a gift from Trog
 68088 | Zot:5    | Noticed an orb of fire
 68105 | Zot:5    | Gained mutation: You are occasionally teleported next to monsters. [an orb of fire]
 68108 | Zot:5    | Killed an orb of fire
 68254 | Zot:5    | Noticed an ancient lich
 68328 | Zot:5    | Killed an ancient lich
 68478 | Zot:5    | Got the Orb of Zot
 68530 | Zot:5    | Noticed an orb of fire
 68537 | Zot:5    | Killed an orb of fire
 68553 | Zot:5    | Received a gift from Trog
 69354 | D:$      | Escaped with the Orb!

Skill      XL: |  1  2  3  4  5  6  7  8  9 10 11 12 13 14 15 16 17 18 19 20 21 22 23 24 25 26 27 |
---------------+----------------------------------------------------------------------------------+-----
Axes           | 4 5 7 8 9 11 13 15 17 18 21 22 24 26 27 | 27.0
Fighting       | 4 5 6 8 9 10 11 14 16 17 19 22 23 24 25 27 | 27.0
Dodging        | 3 4 5 6 7 9 10 11 13 14 17 21 26 | 26.0
Armour         | 3 4 5 6 8 9 11 13 14 15 16 17 18 19 20 22 25 27 | 27.0
Shields        | 1 4 5 |  5.5
Evocations     | 8 13 | 13.0
Throwing       | |  0.4

Action                   |  1- 3 |  4- 6 |  7- 9 | 10-12 | 13-15 | 16-18 | 19-21 | 22-24 | 25-27 || total
-------------------------+-------+-------+-------+-------+-------+-------+-------+-------+-------++-------
Melee: Hand axe          |    91 |    93 |    76 |       |       |       |       |       |       ||   260
       Headbutt          |    11 |    14 |    47 |   118 |   184 |   247 |   170 |   400 |   423 ||  1614
       War axe           |       |       |   199 |   446 |       |       |       |       |       ||   645
       Battleaxe         |       |       |       |   120 |   640 |       |       |       |       ||   760
       Executioner's axe |       |       |       |       |   283 |  1169 |   660 |  1433 |  1389 ||  4934
       Kick              |       |       |       |       |       |       |       |       |   339 ||   339
Throw: Javelin           |       |       |     1 |       |       |     4 |       |       |       ||     5
Invok: Berserk           |     2 |     6 |     8 |     7 |    21 |    14 |     5 |     1 |     5 ||    69
       Brothers in Arms  |       |       |       |     3 |     9 |     8 |     6 |     9 |     6 ||    41
       Trog's Hand       |       |       |       |       |     6 |     5 |     2 |     5 |     3 ||    21
       Burn Spellbooks   |       |       |       |       |       |       |       |       |     1 ||     1
Evoke: Wand              |       |       |       |       |     1 |       |       |       |    12 ||    13
  Use: Scroll            |       |     5 |     8 |    21 |     9 |    16 |     6 |    21 |    18 ||   104
       Potion            |       |       |       |       |     3 |     3 |     3 |       |    10 ||    19
 Stab: Petrified         |       |       |       |       |     2 |       |       |       |       ||     2
       Paralysed         |       |       |       |       |     1 |       |       |       |       ||     1
       Distracted        |       |       |       |       |       |     3 |       |     2 |     5 ||    10
  Eat: Chunk             |     2 |    13 |    13 |    31 |    57 |    30 |    23 |    24 |    22 ||   215
       Ration            |       |       |     2 |       |     1 |    10 |     3 |     8 |     7 ||    31
Armor: Animal skin       |    18 |    10 |       |       |       |       |       |       |       ||    28
       Scale mail        |       |    13 |    30 |       |       |       |       |       |       ||    43
       Chain mail        |       |       |    43 |       |       |       |       |       |       ||    43
       Plate armour      |       |       |    54 |   210 |   513 |   866 |   209 |   723 |    36 ||  2611
       Gold dragon scale |       |       |       |       |       |       |       |       |   865 ||   865
Dodge: Dodged            |    51 |    54 |   110 |   164 |   337 |   683 |   309 |   963 |  1242 ||  3913
Block: Buckler           |       |       |    18 |    88 |       |       |       |       |       ||   106
       Shield            |       |       |       |     3 |       |       |       |       |       ||     3
       Other             |       |       |       |    29 |   200 |   287 |   120 |   320 |   152 ||  1108
       Reflection        |       |       |       |       |    12 |     7 |    26 |    28 |     3 ||    76
